 Dungeon Crawl Stone Soup version 0.31-a0-277-g31ea1f65cc (webtiles) character file.

Game seed: 2989077024767820410

86258 lessens the Executioner (level 15, 0/141 HPs)
             Began as a Hill Orc Fighter on July 15, 2023.
             Was the Champion of Beogh.
             Slain by a ghost moth (12 damage)
             ... on level 1 of the Spider Nest.
             The game lasted 00:46:13 (28684 turns).

lessens the Executioner (Hill Orc Fighter)         Turns: 28684, Time: 00:46:14

Health: 0/141      AC: 18    Str: 24 (25) XL:     15   Next: 86%
Magic:  0/23       EV: 12    Int:  6 (8)  God:    Beogh [******]
Gold:   1747       SH:  0    Dex:  9 (10) Spells: 14/14 levels left

rFire   + . .        O - +2 battleaxe (venom)
rCold   + . .        (shield currently unavailable)
rNeg    . . .        T - +0 gold dragon scales
rPois   +            b - +0 helmet
rElec   .            r - +1 cloak
rCorr   .            W - +0 pair of gloves
SInv    .            P - +0 pair of boots
Will    ++...        v - amulet of guardian spirit Stlth
                     l - ring of willpower
HPRegen 0.43/turn    X - +5 ring of evasion
MPRegen 0.18/turn

%: guardian spirit
@: corroded, on berserk cooldown, slowed, very slow
A: walk on water, weak 1
a: Renounce Religion, Smiting, Recall Orcish Followers, Give Item to Named
Follower, Resurrection


You were on level 1 of the Spider Nest.
You worshipped Beogh.
Beogh was exalted by your worship.
You visited 5 branches of the dungeon, and saw 24 of its levels.
You also visited: Ossuary.

You collected 2418 gold pieces.
You spent 671 gold pieces at shops.

Inventory:

Hand Weapons
 O - a +2 battleaxe of venom (weapon)
Missiles
 g - 212 stones
 R - 5 curare-tipped darts (quivered)
Armour
 b - a +0 helmet (worn)
 r - a +1 cloak (worn)
 L - the +1 chain mail "Iroaxtat" {+Inv Fly rElec}
   (You found it on level 5 of the Lair of Beasts)

   rElec:     It insulates you from electricity.
   +Inv:      It lets you turn invisible.
   Fly:       It grants you flight.
 P - a +0 pair of boots (worn)
 T - +0 gold dragon scales (worn)
 W - a +0 pair of gloves (worn)
Jewellery
 j - a ring of fire
 l - a ring of willpower (left hand)
 v - an amulet of guardian spirit (around neck)
 D - a ring of resist corrosion
 G - a ring of flight
 I - a ring of ice
 U - a ring of see invisible
 X - a +5 ring of evasion (right hand)
 Y - an amulet of magic regeneration
Wands
 a - a wand of mindburst (19)
 c - a wand of digging (4)
 f - a wand of acid (3)
 t - a wand of paralysis (24)
 K - a wand of roots (9)
 M - a wand of flame (81)
 N - a wand of polymorph (14)
Scrolls
 e - 4 scrolls of fear
 h - a scroll of enchant weapon
 k - 2 scrolls of amnesia
 p - 3 scrolls of fog
 s - 2 scrolls of silence {unknown}
 x - a scroll of blinking
 y - 18 scrolls of teleportation
 z - 3 scrolls of poison
 A - a scroll of brand weapon
 E - 3 scrolls of vulnerability
 F - a scroll of enchant armour
 H - 6 scrolls of identify
 J - 3 scrolls of summoning
 Q - a scroll of torment
Potions
 d - 5 potions of might
 i - a potion of invisibility
 m - 2 potions of haste
 n - 5 potions of curing
 o - 8 potions of heal wounds
 q - 2 potions of lignification
 u - 3 potions of brilliance
 w - 3 potions of enlightenment
 B - a potion of mutation
 C - a potion of attraction
 S - 4 potions of magic
 V - a potion of resistance
 Z - a potion of berserk rage


   Skills:
 + Level 15.6 Fighting
 + Level 21.0 Axes
 - Level 13.0 Armour
 - Level 8.6 Dodging
 - Level 3.2 Shields
 - Level 11.0 Invocations
 - Level 7.0 Evocations


You had 14 spell levels left.
You didn't know any spells.
Your spell library contained the following spells:

 Spells                   Type           Power      Damage    Failure   Level
 Sandblast                Erth           0%         2d4       100%        1
 Cigotuvi's Dreadful Rot  Necr/Pois/Air  0%         N/A       100%        2
 Passwall                 Tmut/Erth      0%         N/A       100%        2
 Dazzling Flash           Conj/Hex       0%         N/A       100%        3
 Frozen Ramparts          Ice            0%         1d1       100%        3
 Ignite Poison            Fire/Tmut/Pois 0%         N/A       100%        3
 Ozocubu's Armour         Ice            0%         N/A       100%        3
 Stone Arrow              Conj/Erth      0%         3d7       100%        3
 Volatile Blastmotes      Fire/Tloc      0%         2d10      100%        3
 Animate Armour           Summ/Erth      0%         N/A       100%        4
 Animate Dead             Necr           0%         N/A       100%        4
 Petrify                  Tmut/Erth      0%         N/A       100%        4
 Summon Ice Beast         Ice/Summ       0%         N/A       100%        4
 Summon Lightning Spire   Summ/Air       0%         N/A       100%        4
 Borgnjor's Vile Clutch   Necr/Erth      0%         N/A       100%        5
 Freezing Cloud           Conj/Ice/Air   0%         6-21      100%        5
 Iskenderun's Battlesphe  Conj           0%         2d6       100%        5
 Lee's Rapid Deconstruct  Erth           0%         3d4*      100%        5
 Metabolic Englaciation   Hex/Ice        0%         N/A       100%        5
 Summon Mana Viper        Hex/Summ       0%         N/A       100%        5
 Death Channel            Necr           0%         N/A       100%        6
 Leda's Unmaking          Conj/Erth      0%         9d1       100%        6
 Starburst                Conj/Fire      0%         6d3       100%        6
 Monstrous Menagerie      Summ           0%         N/A       100%        7
 Ozocubu's Refrigeration  Ice            0%         4d7       100%        7
 Spellforged Servitor     Conj/Summ      0%         N/A       100%        7
 Lehudib's Crystal Spear  Conj/Erth      0%         10d2      100%        8
 Maxwell's Capacitive Co  Air            0%         ∞         100%        8


Dungeon Overview and Level Annotations

Branches:
Dungeon (15/15) Zot: 25319  Temple (1/1) D:7 Zot: 5916    Lair (5/5) D:8 Zot: 22735
 Shoals (0/4) Lair:3       Spider (1/4) Lair:2 Zot: 5818   Slime (0/5) Lair:4
    Orc (2/2) D:9 Zot: 9324     Elf (0/3) Orc:2        Vaults (0/5) D:13
 Depths (0/4) D:15        Ossuary (visited)

Altars:
Ashenzari
Cheibriados
Elyvilon
Fedhas
Makhleb
Nemelex Xobeh
Okawaru
Qazlal
Ru
Sif Muna
Uskayaw
Xom
The Shining One
Jiyva

Shops:
D:6 =   Orc:2 (:!?

Portals:
Pandemonium: Orc:2

Annotations:
D:4 2 transporters, cforsyth's ghost, novice MeSh
Lair:1 2 transporters


Innate Abilities, Weirdness & Mutations

You can walk on water.
You are weak. (Str -2)


Message History

Something barely misses you. Something hits you.
* * * LOW HITPOINT WARNING * * *
Something stings you.
* * * LOW HITPOINT WARNING * * *
You feel much better.
The meliai hits Olfrun with a +2 hand axe of flaming!
The meliai burns Olfrun.
The meliai completely misses Olfrun.
You feel you are being watched by something.
You feel your power leaking away.
Something hits you but does no damage. x2
Something stings you but does no damage.
Marbork misses something.
You barely miss something.
You feel you are being watched by something.
Something hits you.
* * * LOW HITPOINT WARNING * * *
Something hits you!
* * * LOW HITPOINT WARNING * * *
You feel dopey.
Something stings you but does no damage.
Something barely misses Marbork.
Something completely misses Olfrun.
Something closely misses Marbork.
Olfrun hits something with a +0 club!
Something hits you!
* * * LOW HITPOINT WARNING * * *
Something hits you.
* * * LOW HITPOINT WARNING * * *
Something stings you.
* * * LOW HITPOINT WARNING * * *
Marbork hits something with a +1 halberd!!
Something hits Marbork!
Something burns Marbork.
Something hits Olfrun!
Something burns Olfrun.
Something stings Marbork but does no damage.
You completely miss something.
Something hits Marbork!
Something burns Marbork.
Olfrun blocks something's attack.
Something closely misses Marbork.
You feel you are being watched by something.
Something hits you but does no damage. Something hits you.
* * * LOW HITPOINT WARNING * * *
You feel weakened. Something stings you!
You die...

≈≈≈~~.....#~.# ≈≈~#..#..#~.#
##.......#≈.# ###
.#~..$...#(..# ### #.#
.......).#...# #≈###.#######
....##.....# ##......##.#.#
#.......o†.# ##....###.....#
#..##...#o####......~~......
.. ######{@#.#...~#~~#....#
###†..#.....#.###....
#....#..#............
#~#........#.......... #≈
#.................#. #
#..##....#...#..#.... ..#.
#...^......##.... .#...
....#.......#>†.# . ....
..$....#.........


You could see the friendly Marbork the orc knight and the friendly Olfrun the
orc knight.

Vanquished Creatures
  Kirke (D:15)
  A broodmother (Spider:1)
  4 hydras
  Harold (Orc:1)
  Erica (D:10)
  3 vault guards (D:13)
  2 demonspawn (Orc:2)
  A centaur warrior (D:11)
  2 catoblepae (Lair:5)
  A deep troll shaman (Lair:5)
  A death knight (D:15)
  3 death yaks (Lair:5)
  2 two-headed ogres
  3 boulder beetles
  2 orc high priests (Orc:2)
  A tengu warrior (D:15)
  A demonic crawler (Spider:1)
  A sixfirhy (D:12)
  3 skeletal warriors (D:15)
  A spark wasp zombie (D:15)
  A glowing orange brain (Lair:3)
  A deep elf pyromancer (D:12)
  A phantasmal warrior (D:15)
  A golden dragon skeleton (D:15)
  Pikel (D:7)
  An orc knight (D:15)
  3 orc sorcerers (Orc:2)
  4 ugly things
  4 manticores
  A moth of wrath (Spider:1)
  4 cyclopes
  3 rust devils (D:12)
  Maurice (D:8)
  Joseph (D:7)
  12 elephants
  A gargoyle (D:12)
  A stone giant skeleton (D:15)
  3 black mambas
  2 unseen horrors
  2 torpor snails
  An orange demon (D:12)
  5 cane toads
  5 rime drakes
  8 komodo dragons
  A freezing wraith (D:14)
  6 trolls
  A tarantella (Spider:1)
  A troll (shapeshifter) (D:15)
  A snapping turtle (Lair:3)
  2 hornets
  12 blink frogs
  4 dream sheep
  7 slime creatures
  A shadow (D:11)
  A centaur simulacrum (D:14)
  20 yaks
  3 jumping spiders
  2 ynoxinuls
  2 culicivoras
  4 wyverns
  A hog (D:15)
  5 wraiths
  A neqoxec (D:12)
  3 basilisks
  Grum (D:10)
  2 chaos spawn
  A steam dragon (D:8)
  4 redbacks
  Menkaure (Ossuary)
  2 acid dragons
  8 water moccasins
  2 wargs
  A human skeleton (D:15)
  11 orc warriors
  2 black bears (Lair:5)
  2 ice beasts
  A sky beast (D:7)
  6 ogres
  13 wolves
  9 centaurs
  A phantom (D:4)
  3 lemures (D:7)
  Blork the orc (D:4)
  3 kobold brigands
  18 bullfrogs
  3 scorpions
  21 wights
  7 killer bees
  5 howler monkeys
  A quasit (D:12)
  A hound (D:4)
  6 orc priests
  4 jellies
  A sleepcap (D:5)
  Jessica (D:2)
  Ijyb (D:3)
  6 iguanas
  9 orc wizards
  3 hell rats (Lair:4)
  3 mummies (Ossuary)
  7 gnolls
  6 adders
  A white imp (D:8)
  2 worms
  A dart slug (D:2)
  40 orcs
  8 endoplasms
  3 giant cockroaches
  3 gnoll zombies (Ossuary)
  13 goblins
  5 hobgoblins
  6 jackals
  14 ball pythons
  7 bats
  8 frilled lizards
  7 gnoll skeletons (Ossuary)
  4 goblin skeletons (Ossuary)
  4 goblin zombies (Ossuary)
  2 hobgoblin skeletons (Ossuary)
  5 hobgoblin zombies (Ossuary)
  30 kobolds
  3 kobold skeletons (Ossuary)
  6 orc skeletons (Ossuary)
  8 orc zombies (Ossuary)
  8 rats
  3 rat skeletons (Ossuary)
  5 rat zombies (Ossuary)
553 creatures vanquished.

Vanquished Creatures (collateral kills)
  Asterion (Spider:1)
  The ghost of Newt the Impaler, a journeyman DsGl of Makhleb (Lair:3)
  A dire elephant (Lair:5)
  Josephine (Lair:5)
  An entropy weaver (Spider:1)
  5 hydras
  A vault guard (D:13)
  A demonspawn (Orc:2)
  2 two-headed ogres
  A centaur warrior (D:13)
  5 death yaks (Lair:5)
  A tengu warrior (D:15)
  2 orc high priests (Orc:2)
  A skyshark (Lair:4)
  2 skeletal warriors (D:15)
  A lindwurm (Lair:3)
  A wizard (D:14)
  3 orc knights (Orc:2)
  A necromancer (D:15)
  A wolf spider (Spider:1)
  5 orc sorcerers
  2 deep elf pyromancers (D:14)
  2 ugly things
  A cyclops (D:11)
  A slime creature (Lair:3)
  8 elephants
  2 rust devils (Orc:2)
  2 black mambas (Lair:5)
  3 cane toads
  An orange demon (Orc:2)
  2 komodo dragons (Lair:5)
  2 freezing wraiths (D:15)
  A guardian mummy (D:15)
  A troll (Orc:2)
  6 blink frogs
  5 dream sheep (Lair:5)
  A shadow (D:13)
  A spriggan (shapeshifter) (D:13)
  3 wraiths
  5 yaks
  A wyvern (Lair:5)
  3 wargs
  5 water moccasins
  An acid dragon (D:13)
  2 ogres
  6 orc warriors
  2 centaurs
  A bullfrog (Lair:4)
  A wight (D:9)
  2 jellies (Lair:3)
  2 orc priests (Orc:2)
  3 orc wizards
  A hell rat (Lair:4)
  A gnoll (Orc:2)
  9 orcs
127 creatures vanquished.

Vanquished Creatures (others)
  2 orc knights (Orc:2)
  An orc sorcerer (Orc:2)
  12 orc warriors
  14 orc priests
  4 orc wizards
  32 orcs
  A quokka (D:5)
66 creatures vanquished.

Grand Total: 746 creatures vanquished

Notes
Turn   | Place    | Note
-------+----------+-------------------------------------------
     0 | D:1      | lessens the Hill Orc Fighter began the quest for the Orb.
     0 | D:1      | Reached XP level 1. HP: 19/19 MP: 1/1
    65 | D:1      | Reached skill level 3 in Axes
   174 | D:1      | Reached XP level 2. HP: 25/26 MP: 2/2
   339 | D:1      | Reached skill level 4 in Axes
   480 | D:1      | Reached XP level 3. HP: 31/31 MP: 3/3
   828 | D:1      | Found a faded altar of an unknown god.
  1109 | D:1      | Reached skill level 5 in Axes
  1519 | D:2      | Reached XP level 4. HP: 31/39 MP: 4/4
  1728 | D:2      | Identified the staff "Pezou" {rN+ rCorr Int+3 Necro}
  1813 | D:2      | Noticed Jessica
  1822 | D:2      | Killed Jessica
  1823 | D:2      | Reached skill level 6 in Axes
  2457 | D:3      | Noticed Ijyb
  2466 | D:3      | Killed Ijyb
  2467 | D:3      | Reached skill level 7 in Axes
  2467 | D:3      | Reached XP level 5. HP: 39/45 MP: 5/5
  2724 | D:3      | Identified the +2 leather armour "Luygo" {Rampage rC- Int+3
                  | Dex+3}
  3028 | D:4      | Found a transporter.
  3028 | D:4      | Noticed cforsyth's ghost (novice MeSh)
  3115 | D:4      | Reached skill level 8 in Axes
  3115 | D:4      | Reached XP level 6. HP: 51/51 MP: 6/6
  3130 | D:4      | Identified the +5 falchion of an ice cave {heavy, *Slow
                  | rElec Str+5}
  3212 | D:4      | Reached skill level 9 in Axes
  3241 | D:4      | Reached XP level 7. HP: 42/57 MP: 7/7
  3327 | D:4      | Found a sand-covered staircase.
  3338 | Ossuary  | Entered an ossuary
  3420 | Ossuary  | Reached skill level 10 in Axes
  3752 | Ossuary  | Noticed Menkaure
  3763 | Ossuary  | Killed Menkaure
  4116 | D:4      | Noticed Blork the orc
  4125 | D:4      | Killed Blork the orc
  4325 | D:4      | Found a transporter.
  4417 | D:5      | Entered Level 5 of the Dungeon
  4528 | D:5      | Reached skill level 11 in Axes
  4637 | D:5      | Became a worshipper of Beogh the Brigand
  4794 | D:5      | Reached XP level 8. HP: 53/64 MP: 6/8
  4937 | D:6      | Found Voir's Jewellery Shop.
  5184 | D:6      | Reached skill level 5 in Armour
  5308 | D:6      | Reached skill level 12 in Axes
  5668 | D:7      | Found a staircase to the Ecumenical Temple.
  5719 | D:7      | Reached skill level 13 in Axes
  5833 | D:7      | Noticed Pikel
  5858 | D:7      | Killed Pikel
  5859 | D:7      | Reached XP level 9. HP: 20/70 MP: 4/11
  5919 | D:7      | Noticed Joseph
  5937 | Temple   | Entered the Ecumenical Temple
  6030 | D:7      | Killed Joseph
  6031 | D:7      | Reached skill level 14 in Axes
  6489 | D:7      | Reached * piety under Beogh
  6526 | D:7      | Found a sacrificial altar of Ru.
  6972 | D:7      | Reached skill level 5 in Invocations
  7071 | D:7      | Reached skill level 15 in Axes
  7344 | D:7      | Noticed a boulder beetle
  7359 | D:7      | Noticed a cyclops
  7366 | D:7      | Killed a boulder beetle
  7367 | D:7      | Reached skill level 5 in Fighting
  7367 | D:7      | Reached XP level 10. HP: 37/81 MP: 8/13
  7433 | D:7      | Killed a cyclops
  7434 | D:7      | Reached skill level 16 in Axes
  7680 | D:7      | Noticed a cyclops
  7685 | D:7      | Killed a cyclops
  7739 | D:7      | Identified the ring "Leelets" {rN+ Str+3}
  8286 | D:8      | Noticed a brown ugly thing
  8558 | D:8      | Reached skill level 17 in Axes
  8613 | D:8      | Reached ** piety under Beogh
  8639 | D:8      | Reached skill level 18 in Axes
  8917 | D:8      | Noticed Maurice
  8926 | D:8      | Paralysed by Maurice for 3 turns
  8938 | D:8      | Killed Maurice
  8939 | D:8      | Reached XP level 11. HP: 89/89 MP: 14/14
  9048 | D:8      | Found a broken altar of Ashenzari.
  9056 | D:8      | Found a glowing golden altar of the Shining One.
  9059 | D:8      | Found an iron altar of Okawaru.
  9059 | D:8      | Found a burning altar of Makhleb.
  9066 | D:8      | Found a hide-covered altar of Uskayaw.
  9112 | D:8      | Found a staircase to the Lair.
  9252 | D:8      | Killed a brown ugly thing
  9469 | D:8      | Reached skill level 19 in Axes
  9658 | D:9      | Found a staircase to the Orcish Mines.
  9858 | Orc:1    | Entered Level 1 of the Orcish Mines
  9862 | Orc:1    | Reached *** piety under Beogh
 10144 | D:9      | Noticed a two-headed ogre
 10152 | D:9      | Killed a two-headed ogre
 10368 | D:9      | Found the +8 demon blade "Leech" {evervamp, Harm Drain rN+}
 10526 | D:10     | Entered Level 10 of the Dungeon
 10562 | D:10     | Noticed Grum
 10574 | D:10     | Killed Grum
 10575 | D:10     | Reached skill level 20 in Axes
 10804 | D:10     | Noticed Erica
 10821 | D:10     | Killed Erica
 11909 | D:11     | Noticed a centaur warrior
 11920 | D:11     | Killed a centaur warrior
 12301 | D:11     | Noticed a cyclops
 12311 | D:11     | Killed a cyclops
 12389 | D:11     | Noticed a two-headed ogre
 12393 | D:11     | Killed a two-headed ogre
 12394 | D:11     | Reached XP level 12. HP: 76/103 MP: 11/15
 12909 | D:12     | Found a snail-covered altar of Cheibriados.
 12927 | D:12     | Reached skill level 1 in Dodging
 13063 | D:12     | Reached **** piety under Beogh
 13143 | D:12     | Reached skill level 10 in Fighting
 13164 | D:12     | Gained mutation: You are weak. (Str -2) [a neqoxec]
 14007 | Lair:1   | Entered Level 1 of the Lair of Beasts
 14007 | Lair:1   | Found a transporter.
 14142 | Lair:1   | Found a transporter.
 14528 | Lair:1   | Reached skill level 5 in Dodging
 15001 | Lair:1   | Reached XP level 13. HP: 118/118 MP: 17/17
 15641 | Lair:2   | Found a hole to the Spider Nest.
 15988 | Lair:2   | You fall into a shaft and drop 1 floor!
 16540 | Lair:3   | Found a staircase to the Shoals.
 16549 | Lair:3   | Reached ***** piety under Beogh
 17392 | Lair:3   | Found a runed translucent gate.
 17392 | Lair:3   | Found a runed translucent gate.
 17392 | Lair:3   | Found a runed translucent gate.
 17394 | Lair:3   | Found a viscous altar of Jiyva.
 17394 | Lair:3   | Noticed Newt's ghost (journeyman DsGl)
 17870 | Lair:3   | Killed Newt's ghost
 17870 | Lair:3   | Gained Olfik as an ally
 18047 | Lair:4   | Reached skill level 10 in Invocations
 18352 | Lair:4   | Found a viscous altar of Jiyva.
 18353 | Lair:4   | Found a staircase to the Slime Pits.
 18514 | Lair:4   | Gained Koronagh as an ally
 19192 | Lair:5   | Entered Level 5 of the Lair of Beasts
 19459 | Lair:5   | Found a blossoming altar of Fedhas.
 19467 | Lair:5   | Reached XP level 14. HP: 120/133 MP: 19/22
 19476 | Lair:5   | Reached skill level 10 in Armour
 19625 | Lair:5   | Identified a scroll of acquirement
 19626 | Lair:5   | Acquired 288 gold pieces
 19664 | Lair:5   | Noticed Josephine
 19665 | Lair:5   | Identified the +1 chain mail "Iroaxtat" {+Inv Fly rElec}
 19682 | Lair:5   | Killed Josephine
 19742 | Lair:5   | Reached skill level 1 in Evocations
 20909 | Lair:5   | Reached ****** piety under Beogh
 21132 | Lair:5   | Noticed a dire elephant
 21143 | Lair:5   | Killed a dire elephant
 21534 | Orc:2    | Entered Level 2 of the Orcish Mines
 21558 | Orc:1    | Gained Bogwald as an ally
 21560 | Orc:1    | Your ally Bogwald died
 21670 | Orc:1    | Noticed Harold
 21678 | Orc:1    | Killed Harold
 22410 | Orc:2    | Found a staircase to the Elven Halls.
 22471 | Orc:2    | Noticed an orc warlord
 22762 | Orc:2    | Gained Brunolf as an ally
 22900 | Orc:2    | Found Ileoly's Distillery.
 22902 | Orc:2    | Found Joudikly's Magic Scroll Shoppe.
 22972 | Orc:2    | Your ally Olfik died
 22974 | Orc:2    | Reached skill level 5 in Evocations
 23346 | Orc:2    | Reached XP level 15. HP: 91/137 MP: 14/23
 23361 | Orc:2    | Found Xabala's Book Shop.
 23361 | Orc:2    | Found a one-way gate leading to the halls of Pandemonium.
 23361 | Orc:2    | Found Falid's Antique Weapon Boutique.
 23652 | Orc:2    | Bought 2 potions of heal wounds for 140 gold pieces
 23652 | Orc:2    | Bought a potion of mutation for 112 gold pieces
 23654 | Orc:2    | Bought a scroll of torment for 142 gold pieces
 23654 | Orc:2    | Bought a scroll of brand weapon for 142 gold pieces
 23654 | Orc:2    | Bought a scroll of teleportation for 45 gold pieces
 23654 | Orc:2    | Bought a scroll of teleportation for 45 gold pieces
 23654 | Orc:2    | Bought a scroll of teleportation for 45 gold pieces
 24346 | D:13     | Found a gate to the Vaults.
 24381 | D:13     | Your ally Brunolf died
 25491 | D:13     | Found a stormy altar of Qazlal.
 25515 | D:14     | Gained Olfrun as an ally
 26648 | D:15     | Entered Level 15 of the Dungeon
 26651 | D:15     | Found a hide-covered altar of Uskayaw.
 26782 | D:15     | Found a staircase to the Depths.
 27327 | D:15     | Reached skill level 15 in Fighting
 27564 | D:15     | Gained Marbork as an ally
 27920 | D:15     | Noticed Kirke
 27928 | D:15     | Killed Kirke
 28421 | Spider:1 | Entered Level 1 of the Spider Nest
 28672 | Spider:1 | Noticed Asterion
 28678 | Spider:1 | Killed Asterion
 28679 | Spider:1 | Reached skill level 21 in Axes
 28684 | Spider:1 | Slain by a ghost moth

Illustrated notes

Levels and vault maps discovered:
D:1:      lemuel_arrival_funnel, layout_loops_corners,
          nicolae_ecumenical_lake_church, minmay_tromino_mix6
D:2:      layout_basic, uniq_jessica
D:3:      minmay_bubble_buster, layout_rooms, chequers_serial_rivers_small_3,
          uniq_ijyb
D:4:      layout_basic, gammafunk_ghost_arena, nicolae_ossuary_entry_monument,
          kennysheep_generic_room_14, uniq_blork_the_orc
D:5:      layout_rooms
D:6:      layout_gridville, serial_shops, shop
D:7:      minmay_blocky_corners, layout_basic, nicolae_ru_sacrificial_ziggurat,
          minmay_temple_entry_large_hall, amethyst_killhole, uniq_pikel,
          uniq_joseph
D:8:      layout_loops_ring, nicolae_overflow_hallway_of_the_gods,
          lair_entry_dummy, uniq_maurice
D:9:      layout_cross, david_orc_2, item_on_display_a
D:10:     layout_cave_pods, minivault_5, minivault_19, uniq_grum, uniq_erica
D:11:     layout_roguey
D:12:     layout_long_grid, serial_demonic, serial_demonic_d, serial_demonic_a,
          serial_demonic_d, serial_demonic_b, cheibriados_altar_1
D:13:     layout_basic, lightli_vaults_fourway_checkpoint,
          nicolae_qazlal_eye_of_the_storm
D:14:     layout_rooms, minmay_staircase_windowed_large, grunt_ministairs_9,
          minmay_bent
D:15:     gammafunk_depths_entry_grave, layout_gridville,
          eat_drink_and_be_merry_uskayaw, uniq_kirke
Temple:   eino_temple_rhombus
Lair:1:   gammafunk_worm_tunnel, layout_small_grid,
          chequers_serial_rivers_micro_e, grunt_megastairs_4
Lair:2:   layout_gridlike, nicolae_spider_entry_tight_spaces
Lair:3:   layout_layer_cave, minmay_shoals_entry_hut, gammafunk_ghost_ooze,
          chequers_serial_rivers_large_a
Lair:4:   layout_long_grid, slime_entry_1
Lair:5:   grunt_lair_end_beastmaster, layout_regular_city, basic_altar,
          chequers_serial_rivers_small_3, uniq_josephine
Spider:1: layout_spider_delve, nicolae_spider_not_touching_you, uniq_asterion
Orc:1:    layout_caves, uniq_harold
Orc:2:    pf_orc_diabolical, layout_diamond_mine, nicolae_orc_lava_room

Skill      XL: |  1  2  3  4  5  6  7  8  9 10 11 12 13 14 15 |
---------------+----------------------------------------------+-----
Axes           | 3 4 5 7 8 9 11 13 15 18 20 21 | 21.0
Armour         | 4 6 8 9 12 13 | 13.0
Invocations    | 3 5 6 11 | 11.0
Fighting       | 5 6 8 12 14 15 | 15.6
Dodging        | 5 7 8 |  8.6
Evocations     | 5 7 |  7.0
Shields        | |  3.2

Action                     |  1- 3 |  4- 6 |  7- 9 | 10-12 | 13-15 || total
---------------------------+-------+-------+-------+-------+-------++-------
  Melee: War axe           |    91 |    49 |   197 |       |       ||   337
         Hand axe          |       |    94 |   124 |    21 |       ||   239
         Battleaxe         |       |       |    31 |   439 |   809 ||  1279
         Punch             |       |       |       |     1 |       ||     1
  Throw: Stone             |       |       |       |     1 |       ||     1
         Javelin           |       |       |       |     5 |       ||     5
         Dart              |       |       |       |     3 |       ||     3
 Invoke: Convert to Beogh  |       |       |     1 |       |       ||     1
         Recall Orcish Fol |       |       |       |       |     2 ||     2
  Evoke: Wand              |       |       |     2 |       |     3 ||     5
    Use: Scroll            |       |     7 |     5 |     4 |    13 ||    29
         Potion            |       |     1 |     3 |       |     2 ||     6
   Stab: Distracted        |       |       |       |       |    14 ||    14
 Armour: Scale mail        |    63 |    49 |    59 |       |       ||   171
         Leather armour    |       |       |    23 |    97 |       ||   120
         Steam dragon scal |       |       |       |     1 |       ||     1
         Skin              |       |       |       |     1 |       ||     1
         Acid dragon scale |       |       |       |    34 |    60 ||    94
         Chain mail        |       |       |       |       |   184 ||   184
         Gold dragon scale |       |       |       |       |   109 ||   109
  Dodge: Dodged            |    42 |    79 |   107 |   255 |   604 ||  1087
  Block: Buckler           |    17 |    28 |    23 |       |       ||    68

Table legend: (Time is in decaauts)
 A = Elapsed time spent in this place.
 B = Non-inter-level travel time spent in this place.
 C = Inter-level travel time spent in this place.
 D = Time resting spent in this place.
 E = Time spent auto-exploring this place.
 F = Levels seen in this place.
 G = Mean time per level.
                   A        B        C        D        E       F      G
               +--------+--------+--------+--------+--------+-----+--------+
         Total |  28340 |  27164 |   1176 |   3766 |  18879 |  25 | 1133.6 |
       Dungeon |  17469 |  16709 |    760 |   1863 |  12411 |  15 | 1164.6 |
        Temple |     83 |     83 |      0 |     82 |      0 |   1 |   83.0 |
          Lair |   7264 |   6940 |    324 |   1041 |   4845 |   5 | 1452.8 |
   Spider Nest |    180 |    159 |     21 |      0 |     96 |   1 |  180.0 |
  Orcish Mines |   2675 |   2606 |     69 |    550 |   1375 |   2 | 1337.5 |
       Ossuary |    666 |    666 |      0 |    230 |    152 |   1 |  666.0 |
               +--------+--------+--------+--------+--------+-----+--------+

Top non-repeatable levels by time:
     D:7: 2695 daAuts
   Orc:2: 1968 daAuts
  Lair:3: 1741 daAuts
  Lair:4: 1587 daAuts
    D:15: 1540 daAuts
  Lair:5: 1536 daAuts
     D:1: 1434 daAuts
    D:13: 1401 daAuts
    D:10: 1371 daAuts
  Lair:1: 1201 daAuts
  Lair:2: 1196 daAuts
     D:8: 1192 daAuts
    D:14: 1167 daAuts
    D:11: 1086 daAuts
     D:2: 1052 daAuts

Levels and vault maps discovered:
D:1:      lemuel_arrival_funnel, layout_loops_corners,
          nicolae_ecumenical_lake_church, minmay_tromino_mix6
D:2:      layout_basic, uniq_jessica
D:3:      minmay_bubble_buster, layout_rooms, chequers_serial_rivers_small_3,
          uniq_ijyb
D:4:      layout_basic, gammafunk_ghost_arena, nicolae_ossuary_entry_monument,
          kennysheep_generic_room_14, uniq_blork_the_orc
D:5:      layout_rooms
D:6:      layout_gridville, serial_shops, shop
D:7:      minmay_blocky_corners, layout_basic, nicolae_ru_sacrificial_ziggurat,
          minmay_temple_entry_large_hall, amethyst_killhole, uniq_pikel,
          uniq_joseph
D:8:      layout_loops_ring, nicolae_overflow_hallway_of_the_gods,
          lair_entry_dummy, uniq_maurice
D:9:      layout_cross, david_orc_2, item_on_display_a
D:10:     layout_cave_pods, minivault_5, minivault_19, uniq_grum, uniq_erica
D:11:     layout_roguey
D:12:     layout_long_grid, serial_demonic, serial_demonic_d, serial_demonic_a,
          serial_demonic_d, serial_demonic_b, cheibriados_altar_1
D:13:     layout_basic, lightli_vaults_fourway_checkpoint,
          nicolae_qazlal_eye_of_the_storm
D:14:     layout_rooms, minmay_staircase_windowed_large, grunt_ministairs_9,
          minmay_bent
D:15:     gammafunk_depths_entry_grave, layout_gridville,
          eat_drink_and_be_merry_uskayaw, uniq_kirke
Temple:   eino_temple_rhombus
Lair:1:   gammafunk_worm_tunnel, layout_small_grid,
          chequers_serial_rivers_micro_e, grunt_megastairs_4
Lair:2:   layout_gridlike, nicolae_spider_entry_tight_spaces
Lair:3:   layout_layer_cave, minmay_shoals_entry_hut, gammafunk_ghost_ooze,
          chequers_serial_rivers_large_a
Lair:4:   layout_long_grid, slime_entry_1
Lair:5:   grunt_lair_end_beastmaster, layout_regular_city, basic_altar,
          chequers_serial_rivers_small_3, uniq_josephine
Spider:1: layout_spider_delve, nicolae_spider_not_touching_you, uniq_asterion
Orc:1:    layout_caves, uniq_harold
Orc:2:    pf_orc_diabolical, layout_diamond_mine, nicolae_orc_lava_room
